 Dungeon Crawl Stone Soup version 0.13.1-28-g3517093 (webtiles) character file.

80976 Russie the Executioner (level 15, -1/137 HPs)
             Began as a Minotaur Berserker on Mar 10, 2014.
             Was the Champion of Trog.
             Slain by an ettin
             ... wielding a +0,+0 dire flail
              (4 damage)
             ... on Level 2 of the Vaults on Mar 13, 2014.
             The game lasted 01:58:50 (9121 turns).

Russie the Executioner (Minotaur Berserker)         Turns: 9121, Time: 01:58:50

HP  -1/137       AC 31     Str 25      XL: 15   Next: 24%
MP   5/5         EV  7     Int  5      God: Trog [******]
Gold 252         SH  0     Dex 15      Spells:  0 memorised, 14 levels left

Res.Fire  : . . .   See Invis. : .   k - +7,+6 executioner's axe of Levity {freeze, +Inv rC+}
Res.Cold  : + . .   Warding    : .   a - +4 plate armour {rPois}
Life Prot.: . . .   Conserve   : .   (no shield)
Res.Poison: +       Res.Corr.  : .   (helmet restricted)
Res.Elec. : .       Clarity    : .   i - +2 cloak
Sust.Abil.: . .     Spirit.Shd : .   N - +0 pair of gloves (curse)
Res.Mut.  : .       Stasis     : .   (no boots)
Res.Rott. : .       Flight     : .   J - amulet of rage
Saprovore : . . .                    n - +5 ring of protection
                                     u - ring of the Tarantula {Hunger- Str+3 Dam+6}

@: regenerating, very resistant to hostile enchantments, extremely unstealthy
A: retaliatory headbutt, horns 2
a: Burn Spellbooks, Berserk, Trog's Hand, Brothers in Arms, Renounce Religion,
Evoke Berserk Rage, Evoke Invisibility


You were on level 2 of the Vaults.
You worshipped Trog.
Trog was exalted by your worship.
You were not hungry.

You visited 3 branches of the dungeon, and saw 28 of its levels.
You also visited: Labyrinth, Ice Cave and Volcano.

You collected 904 gold pieces.
You spent 672 gold pieces at shops.

Inventory:

Hand weapons
 j - the +5,+3 sabre of Symmetry {venom, rElec rPois rF++ Stlth++}
   (You found it in a labyrinth)

   It poisons the flesh of those it strikes.
   It greatly protects you from fire.
   It insulates you from electricity.
   It protects you from poison.
   It makes you much more stealthy.
 k - the +7,+6 executioner's axe of Levity (weapon) {freeze, +Inv rC+}
   (Trog gifted it to you on level 12 of the Dungeon)

   It has been specially enchanted to freeze those struck by it, causing extra
   injury to most foes and up to double damage against particularly susceptible
   opponents.
   It can also slow down cold-blooded creatures.
   It protects you from cold.
   It lets you turn invisible.
 v - a +3,+1 broad axe of flaming
 y - a -1 orcish blowgun
 Z - a +6,+4 anti-magic battleaxe
Missiles
 M - 3 curare-tipped needles
Armour
 a - a +4 plate armour of poison resistance (worn)
 i - a +2 cloak (worn)
 E - a +0 fire dragon hide
 N - a cursed +0 pair of gloves (worn)
Magical devices
 p - a wand of digging (6)
 r - a wand of disintegration (6)
 t - a wand of fire (7)
 K - a wand of digging (9)
 P - a wand of cold (3)
 S - a wand of disintegration (3)
 Y - a wand of fire (6)
Comestibles
 w - 7 meat rations
 B - 6 chunks of dragon flesh
 G - 4 apples
 O - 6 bread rations
Scrolls
 b - 3 scrolls of summoning {unknown}
 e - 3 scrolls of curse jewellery {unknown}
 f - 2 scrolls of fear
 x - a scroll of enchant weapon II
 D - 2 scrolls of remove curse
 F - a scroll of teleportation
 H - a scroll of recharging
 W - 2 scrolls of immolation
Jewellery
 g - an uncursed ring of positive energy
 n - a +5 ring of protection (right hand)
 o - a cursed ring of sustain abilities
 u - the ring of the Tarantula (left hand) {Hunger- Str+3 Dam+6}
   (You bought it in a shop on level 14 of the Dungeon)

   [ring of sustenance]

   It affects your strength (+3).
   It affects your damage-dealing abilities (+6).
 J - an amulet of rage (around neck)
 T - an uncursed ring of protection from fire
Potions
 h - 3 potions of brilliance {unknown}
 l - 2 potions of speed
 m - 2 potions of confusion {unknown}
 q - 9 potions of curing
 s - 3 potions of heal wounds
 z - 4 potions of agility
 C - 2 potions of might
 R - 2 potions of flight
 V - 3 potions of slowing {unknown}
Books
 d - a book of Burglary

   Spells                             Type                      Level
   Apportation                        Translocation                1
   Swiftness                          Charms/Air                   2
   Passwall                           Transmutation/Earth          3
   Passage of Golubria                Translocation                4
   Lee's Rapid Deconstruction         Earth                        5
   Darkness                           Hexes                        7
   Trog disapproves of the use of such an item.
Rods
 A - a +5 rod of inaccuracy (12/12)
   (You found it in a labyrinth)
 L - a +0 rod of demonology (10/10)
   (You found it on level 8 of the Lair of Beasts)


   Skills:
 + Level 16.0 Fighting
 * Level 21.2 Axes
 + Level 15.9 Armour
 - Level 2.1 Dodging


You had 14 spell levels left.
You didn't know any spells.

Dungeon Overview and Level Annotations

Branches:
Dungeon (18/27)            Temple (0/1) D:6            Lair (8/8) D:9
 Shoals (0/5) Lair:5       Spider (0/5) Lair:6       Vaults (2/5) D:18
    Orc: D:6-11       Slime: Lair:6-8     Crypt: Vaults:2-3

Altars:
Fedhas
Kikubaaqudgha
Nemelex Xobeh
Sif Muna

Shops:
D:14 =

Annotations:
D:3 Sigmund


Innate Abilities, Weirdness & Mutations

You reflexively headbutt those who attack you in melee.
You have a pair of horns on your head.


Message History

Your Fighting skill increases to level 16!
A yaktaur comes into view.
The ettin hits you with a dire flail! The ettin hits you with a great mace!
* * * LOW HITPOINT WARNING * * *
The yaktaur wields a crossbow.
The yaktaur shoots a bolt.
The bolt hits you!
There is an open door, spattered with blood here.
Items here: %% ((( )))) [ You hit the ettin but do no damage.
The ettin hits you but does no damage. The ettin hits you but does no damage.
You slash the ettin! You freeze the ettin.
The ettin is moderately wounded.
The ettin hits you but does no damage. The ettin hits you with a great mace!
* * * LOW HITPOINT WARNING * * *
Your magical contamination has completely faded away.
You slice the ettin!! You freeze the ettin!
The ettin is severely wounded.
The ettin hits you with a dire flail!
* * * LOW HITPOINT WARNING * * *
The ettin hits you with a great mace.
You die...

#######################.....
..........#.....#.....#.....
..........#.....#.....#...<.
..@........#.....#.....#.....
...........#.....#.....#.....
...........#####'#.....'.....
......c..(((..........######
############C####.....#
#@....#.....# #.....#.....#
#.....#.....# #.....#.....#
#############


You could see an ettin.

Vanquished Creatures
  Maud (D:15)
  A stone giant (Vaults:2)
  A minotaur (Lab)
  2 dragons
  A yaktaur captain (Vaults:2)
  A draconian (D:14)
  An ironheart preserver (Vaults:1)
  2 hydras
  Erica (Lair:5)
  2 dancing weapons (D:18)
  An ogre mage (Vaults:1)
  22 death yaks
  2 centaur warriors
  A hell knight (Volcano)
  Nergalle (Lair:1)
  3 catoblepae (Lair:8)
  3 skeletal warriors (D:17)
  An ice devil (IceCv)
  2 unseen horrors
  2 ice statues (IceCv)
  An orc knight (D:17)
  A deep elf conjurer (D:18)
  A hill giant (D:16)
  An ironbrand convoker (Vaults:2)
  3 wolf spiders
  A wolf spider zombie (D:17)
  A necromancer (IceCv)
  3 cyclopes
  A griffon (D:17)
  2 stone giant zombies
  6 elephants (Lair:8)
  A fire giant skeleton (Vaults:1)
  3 black mambas
  A queen ant (Lair:8)
  6 spiny frogs
  3 fire drakes
  A deep elf priest (Vaults:2)
  6 komodo dragons
  Grinder (D:3)
  6 blue devils (IceCv)
  2 trolls
  3 two-headed ogres (Vaults:1)
  8 slime creatures
  8 blink frogs
  An ettin zombie (Vaults:1)
  2 deep elf magi
  A wandering mushroom (D:9)
  48 yaks
  A wyvern (D:9)
  A merfolk (D:14)
  31 ugly things
  5 wraiths
  7 hippogriffs
  A toenail golem (Volcano)
  An elephant slug (Lair:7)
  A water elemental (D:14)
  6 vampire mosquitoes
  A hungry ghost (D:9)
  4 vampires
  8 necrophages
  2 rock worms
  4 deep elf fighters
  3 wolves (Lair:8)
  A mottled dragon (D:16)
  20 soldier ants (Lair:8)
  2 manticores
  4 ice beasts
  3 porcupines
  A gargoyle (D:17)
  2 draconian simulacra (IceCv)
  A naga (D:14)
  A black bear (Lair:3)
  3 orc warriors
  17 centaurs
  A boring beetle (Lair:6)
  2 spriggan simulacra (IceCv)
  5 ogres
  Duvessa (D:7)
  7 crocodiles
  5 giant slugs
  A yaktaur zombie (Vaults:1)
  An elf zombie (D:9)
  5 water moccasins
  2 big kobolds
  6 giant frogs
  5 agate snails
  A cyclops zombie (D:15)
  A manticore skeleton (D:14)
  A cyclops skeleton (D:16)
  A troll zombie (D:9)
  An elf (shapeshifter) (D:18)
  4 killer bees
  A troll skeleton (D:14)
  2 jellyfish (Lair:4)
  An electric eel (Lair:5)
  A yak skeleton (D:14)
  Dowan (D:7)
  4 crimson imps
  A soldier ant zombie (D:14)
  A giant frog zombie (D:12)
  2 goliath beetles (Lair:6)
  A giant frog skeleton (D:12)
  3 iguanas
  A scorpion (D:3)
  8 hounds
  5 orc priests
  12 orc wizards
  26 worker ants
  2 troll simulacra (IceCv)
  3 sheep (Lair:8)
  Jessica (D:7)
  Terence (D:3)
  2 mummies
  2 ogre simulacra (IceCv)
  2 giant centipedes
  48 green rats
  A human skeleton (D:9)
  14 adders
  An inept feature mimic (D:3)
  4 worms
  3 giant mites (Lair:6)
  An inept item mimic (D:5)
  2 naga simulacra (IceCv)
  12 white imps (Lair:3)
  An elf skeleton (D:9)
  A giant eyeball (D:9)
  33 orcs
  A bat zombie (D:5)
  3 giant cockroaches
  A goblin (D:3)
  3 hobgoblins
  8 jackals
  13 kobolds
  6 quokkas
  6 bats
  4 giant geckos
  A giant newt (D:2)
  A hobgoblin skeleton (D:7)
  4 human zombies (D:9)
  2 orc zombies
  A quokka skeleton (D:6)
  6 rats
  A spectral orc (Lair:1)
  A ballistomycete (D:7)
  8 fungi
  A plant (Lair:1)
629 creatures vanquished.

Vanquished Creatures (others)
  A deep elf fighter (D:18)
  A porcupine (Lair:6)
  A ball python (D:7)
  A giant spore (D:7)
  A ballistomycete (D:7)
  4 fungi
9 creatures vanquished.

Grand Total: 638 creatures vanquished

Notes
Turn   | Place    | Note
--------------------------------------------------------------
     0 | D:1      | Russie, the Minotaur Berserker, began the quest for the Orb.
     0 | D:1      | Reached XP level 1. HP: 19/19 MP: 0/0
   161 | D:3      | Reached skill level 4 in Axes
   161 | D:3      | Reached XP level 2. HP: 20/26 MP: 0/0
   184 | D:3      | Noticed Grinder
   235 | D:2      | You fall through a shaft!
   390 | D:3      | Paralysed by Grinder for 7 turns
   399 | D:3      | HP: 1/27 [Grinder (6)]
   401 | D:3      | Killed Grinder
   401 | D:3      | Reached skill level 5 in Fighting
   401 | D:3      | Reached skill level 6 in Axes
   401 | D:3      | Reached XP level 3. HP: 9/33 MP: 1/1
   401 | D:3      | Reached XP level 4. HP: 10/40 MP: 1/1
   401 | D:3      | Reached XP level 5. HP: 11/47 MP: 1/1
   415 | D:3      | Noticed a scorpion
   472 | D:2      | Noticed Terence
   509 | D:3      | Killed a scorpion
   509 | D:3      | Reached XP level 6. HP: 32/53 MP: 2/2
   513 | D:3      | Killed Terence
   612 | D:3      | Noticed Sigmund
   744 | D:2      | Acquired Trog's second power
   793 | D:5      | Entered Level 5 of the Dungeon
   999 | D:5      | Reached skill level 7 in Axes
  1052 | D:5      | Reached XP level 7. HP: 39/61 MP: 2/2
  1098 | D:5      | Reached skill level 5 in Armour
  1316 | D:6      | Reached skill level 8 in Axes
  1361 | D:7      | Noticed Duvessa
  1361 | D:7      | Noticed Dowan
  1386 | D:7      | Killed Duvessa
  1414 | D:7      | Killed Dowan
  1414 | D:7      | Reached XP level 8. HP: 41/69 MP: 2/2
  1498 | D:6      | Reached skill level 9 in Axes
  1597 | D:6      | Found a staircase to the Ecumenical Temple.
  1675 | D:7      | Noticed Jessica
  1693 | D:7      | Killed Jessica
  1706 | D:7      | Found a deep blue altar of Sif Muna.
  1884 | D:8      | Reached skill level 10 in Axes
  1947 | D:9      | Found an ancient bone altar of Kikubaaqudgha.
  2014 | D:9      | Reached XP level 9. HP: 78/78 MP: 3/3
  2049 | D:9      | Reached skill level 11 in Axes
  2087 | D:9      | Paralysed by a giant eyeball for 4 turns
  2094 | D:9      | Paralysed by a giant eyeball for 4 turns
  2125 | D:9      | Noticed a wandering mushroom
  2126 | D:9      | Found a staircase to the Lair.
  2141 | Lair:1   | Entered Level 1 of the Lair of Beasts
  2233 | Lair:2   | Noticed a spiny frog
  2236 | Lair:2   | Acquired Trog's third power
  2239 | Lair:2   | Killed a spiny frog
  2312 | Lair:2   | Reached skill level 12 in Axes
  2369 | Lair:2   | Noticed a spiny frog
  2378 | Lair:2   | Reached XP level 10. HP: 42/88 MP: 3/3
  2384 | Lair:2   | Killed a spiny frog
  2463 | Lair:2   | Noticed a spiny frog
  2468 | Lair:2   | Killed a spiny frog
  2527 | Lair:2   | Reached skill level 10 in Fighting
  2569 | Lair:2   | Noticed a black mamba
  2578 | Lair:2   | Killed a black mamba
  2578 | Lair:2   | Reached skill level 13 in Axes
  2594 | Lair:2   | Found a dark tunnel.
  2594 | Lair:2   | Noticed a fire drake
  2605 | Lair:2   | Killed a fire drake
  2619 | Volcano  | Entered a volcano
  2634 | Volcano  | Noticed a hell knight
  2648 | Volcano  | Killed a hell knight
  2730 | Volcano  | Reached skill level 10 in Armour
  2841 | Lair:2   | Noticed a spiny frog
  2846 | Lair:2   | Killed a spiny frog
  2846 | Lair:2   | Reached skill level 14 in Axes
  2960 | Lair:3   | Reached XP level 11. HP: 56/95 MP: 3/3
  3025 | Lair:3   | Found a frozen archway.
  3153 | IceCv    | Entered an ice cave
  3217 | IceCv    | Noticed an ice statue
  3217 | IceCv    | Noticed an ice statue
  3227 | IceCv    | Killed an ice statue
  3315 | IceCv    | Killed an ice statue
  3341 | IceCv    | Noticed an ice devil
  3377 | IceCv    | Noticed a necromancer
  3388 | IceCv    | Killed a necromancer
  3443 | IceCv    | Killed an ice devil
  3567 | IceCv    | Reached skill level 15 in Axes
  3701 | Lair:5   | Noticed Erica
  3708 | Lair:5   | Killed Erica
  3914 | Lair:5   | Found a staircase to the Shoals.
  4236 | Lair:6   | Noticed a death yak
  4237 | Lair:6   | Noticed a death yak
  4238 | Lair:6   | Noticed a death yak
  4238 | Lair:6   | Noticed a death yak
  4252 | Lair:6   | Killed a death yak
  4252 | Lair:6   | Reached skill level 16 in Axes
  4252 | Lair:6   | Reached XP level 12. HP: 106/106 MP: 4/4
  4255 | Lair:6   | Killed a death yak
  4255 | Lair:6   | Received a gift from Trog
  4258 | Lair:6   | Killed a death yak
  4262 | Lair:6   | Killed a death yak
  4476 | Lair:8   | Entered Level 8 of the Lair of Beasts
  4604 | Lair:8   | Reached skill level 17 in Axes
  4804 | Lair:8   | Received a gift from Trog
  4807 | Lair:8   | Reached XP level 13. HP: 58/115 MP: 4/4
  5091 | Lair:8   | Reached skill level 18 in Axes
  5421 | Lair:8   | Received a gift from Trog
  5447 | Lair:8   | Identified the Compendium of the Rocks
  5452 | Lair:8   | Identified a +0 rod of demonology (10/10) (You found it on level 8 of the Lair of Beasts)
  5570 | Lair:8   | Reached skill level 19 in Axes
  5893 | Lair:6   | Found a hole to the Spider Nest.
  6051 | Lair:1   | Noticed Nergalle
  6066 | Lair:1   | Killed Nergalle
  6214 | D:9      | Killed a wandering mushroom
  6320 | D:10     | Entered Level 10 of the Dungeon
  6455 | D:10     | You fall through a shaft!
  6509 | D:12     | Received a gift from Trog
  6523 | D:12     | Got a dazzling executioner's axe {god gift}
  6524 | D:12     | Identified the executioner's axe of Levity {god gift, freeze, +Inv rC+} (Trog gifted it to you on level 12 of the Dungeon)
  6776 | D:14     | Entered Level 14 of the Dungeon
  6779 | D:14     | Found Fibb's Jewellery Shop.
  6791 | D:14     | Reached XP level 14. HP: 121/126 MP: 4/4
  6827 | D:14     | Bought an uncursed amulet of inaccuracy for 26 gold pieces
  6827 | D:14     | Bought the ring of the Tarantula {Hunger- Str+3 Dam+6} for 646 gold pieces
  6889 | D:15     | Entered Level 15 of the Dungeon
  6889 | D:15     | Found a sparkling altar of Nemelex Xobeh.
  7049 | D:16     | Found a labyrinth entrance.
  7066 | Lab      | Entered a labyrinth
  7207 | Lab      | Got a faintly glowing cloak
  7212 | Lab      | Got a twisted sabre
  7216 | Lab      | Identified the cursed +1 cloak "Amuomnong" {Str+4 Int-2} (You found it in a labyrinth)
  7222 | D:16     | Identified the sabre of Symmetry {venom, rElec rPois rF++ Stlth++} (You found it in a labyrinth)
  7223 | D:16     | Identified a cursed +5 rod of inaccuracy (12/12) (You found it in a labyrinth)
  7278 | D:15     | Noticed Maud
  7288 | D:15     | Killed Maud
  7570 | D:16     | Received a gift from Trog
  7812 | D:14     | Reached skill level 20 in Axes
  7979 | D:16     | Reached skill level 15 in Armour
  7981 | D:16     | Reached skill level 15 in Fighting
  8445 | D:18     | Received a gift from Trog
  8480 | D:18     | Found a blossoming altar of Fedhas.
  8760 | D:18     | Found a staircase to the Vaults.
  8787 | D:18     | Identified a scroll of acquirement
  8815 | Vaults:1 | Entered Level 1 of the Vaults
  8844 | Vaults:1 | Reached XP level 15. HP: 120/136 MP: 5/5
  8918 | Vaults:1 | Reached skill level 21 in Axes
  9121 | Vaults:2 | HP: 3/137 [ettin/dire flail (14)]
  9121 | Vaults:2 | Slain by an ettin

Action                   |  1- 3 |  4- 6 |  7- 9 | 10-12 | 13-15 || total
-------------------------+-------+-------+-------+-------+-------++-------
Melee: Hand axe          |    44 |    63 |    98 |       |       ||   205
       War axe           |       |       |   181 |    70 |       ||   251
       Broad axe         |       |       |       |   223 |     9 ||   232
       Battleaxe         |       |       |       |   220 |   297 ||   517
       Executioner's axe |       |       |       |       |   364 ||   364
 Fire: Blowgun           |       |       |       |       |     1 ||     1
Invok: Berserk           |     3 |     4 |     9 |    18 |     6 ||    40
       Trog's Hand       |       |       |     6 |    15 |    13 ||    34
       Burn Spellbooks   |       |       |       |       |     2 ||     2
Evoke: Wand              |       |       |     2 |    18 |    12 ||    32
  Use: Potion            |     2 |       |     1 |     9 |     1 ||    13
       Scroll            |       |     7 |     4 |     7 |    20 ||    38
